 Dungeon Crawl Stone Soup version 0.31-a0-219-g8d62b2e7bb (webtiles) character file.

Game seed: 8583630384934116544

84 qw the Shooter (level 4, 0/36 HPs)
             Began as a Minotaur Hexslinger on July 3, 2023.
             Slain by an orc wizard
             ... wielding a +0 dagger
              (2 damage)
             ... on level 2 of the Dungeon.
             The game lasted 00:00:30 (1364 turns).

qw the Shooter (Minotaur Hexslinger)                Turns: 1364, Time: 00:00:31

Health: 0/36       AC:  3    Str: 12    XL:     4   Next: 23%
Magic:  4/4        EV: 12    Int: 10    God:
Gold:   86         SH:  0    Dex: 15    Spells: 4/5 levels left

rFire   . . .        Y - +1 sling
rCold   . . .        (no shield)
rNeg    . . .        e - +0 leather armour
rPois   .            (helmet restricted)
rElec   .            (no cloak)
rCorr   .            (no gloves)
SInv    .            (no boots)
Will    .....        (no amulet)
Stlth   +            (no ring)
HPRegen 0.26/turn    (no ring)
MPRegen 0.09/turn

%: no passive effects
@: no status effects
A: horns 2, retaliatory headbutt
a: no special abilities


You were on level 2 of the Dungeon.
You visited 1 branch of the dungeon, and saw 2 of its levels.

You collected 86 gold pieces.


Innate Abilities, Weirdness & Mutations

You have a pair of horns on your head.
You reflexively headbutt those who attack you in melee.


   Skills:
 - Level 2.0 Fighting
 + Level 4.8 Ranged Weapons
 - Level 2.1 Dodging
 - Level 1.0 Spellcasting
 - Level 2.0 Hexes


You had 4 spell levels left.
You knew the following spells:

 Your Spells              Type           Power      Damage    Failure   Level
a - Slow                  Hex            16%        N/A       19%         1

Your spell library contained the following spells:

 Spells                   Type           Power      Damage    Failure   Level
 Inner Flame              Hex/Fire       2%         N/A       65%         3
 Portal Projectile        Hex/Tloc       4%         N/A       65%         3
 Cause Fear               Hex            2%         N/A       88%         4

Inventory:

Hand Weapons
 Y - a +1 sling (weapon)
Armour
 a - a +1 pair of boots
 c - a +0 ring mail
 e - a +0 leather armour (worn)
Potions
 b - a potion of degeneration {unknown}
 d - a potion of invisibility {unknown}
 f - a potion of brilliance {unknown}
 g - a potion of lignification {unknown}

Dungeon Overview and Level Annotations

Branches:
Dungeon (2/15)

Altars:
Gozag


Message History

The sling bullet closely misses the goblin.
The sling bullet hits the orc.
The orc is severely wounded.
You shoot a sling bullet. The sling bullet misses the goblin.
The sling bullet hits the orc.
You kill the orc!
You shoot a sling bullet. The sling bullet hits the goblin.
You kill the goblin!
Welcome back, qw the Minotaur Hexslinger.
Press ? for a list of commands and other information.
Enter note:
Enter note:
Enter note:
1356 ||| PLANNING D:1-11 You start resting.
Something hits you but does no damage.
Deactivating autopickup; reactivate with Ctrl-A.
Autopickup is now on.
You start resting.
Something hits you.
Deactivating autopickup; reactivate with Ctrl-A.
Autopickup is now on.
You start resting.
Something hits you.
Deactivating autopickup; reactivate with Ctrl-A.
Autopickup is now on.
You start resting.
Something hits you but does no damage.
Deactivating autopickup; reactivate with Ctrl-A.
You shoot a sling bullet. Something hits you.
You shoot a sling bullet. Something hits you.
You shoot a sling bullet. Something completely misses you.
You shoot a sling bullet. Something hits you.
Something hits you but does no damage.
You shoot a sling bullet. Something hits you.
You die...

.............#
........%.....#
..............#
....#.........#
#....##........#
.... #........#
##..# ##.......#
#..# #.......#
#@{# ##
#.......#
##).##.
##.#######
#..... #..#
#.[..##..#
..#...[#..##
#....)[..##
...#######


There were no monsters in sight!

Vanquished Creatures
  An orc priest (D:2)
  A gnoll (D:1)
  A dart slug (D:2)
  3 orcs (D:2)
  3 endoplasms
  2 giant cockroaches (D:1)
  2 goblins
  5 hobgoblins (D:1)
  3 jackals (D:1)
  2 kobolds (D:1)
  2 quokkas
  8 ball pythons
  2 bats
  A frilled lizard (D:1)
  A rat (D:1)
37 creatures vanquished.

Notes
Turn   | Place    | Note
-------+----------+-------------------------------------------
     0 | D:1      | qw the Minotaur Hexslinger began the quest for the Orb.
     0 | D:1      | Reached XP level 1. HP: 16/16 MP: 1/1
     0 | D:1      | 0 ||| qw: Version: 0.3-a-40-ge99b1a8
     0 | D:1      | 0 ||| qw: Game counter: 419
     0 | D:1      | 0 ||| qw: Melee chars always use a shield: true
     0 | D:1      | 0 ||| qw: God list: Okawaru
     0 | D:1      | 0 ||| qw: Allow faded altars: false
     0 | D:1      | 0 ||| qw: Do Orc after clearing Dungeon:15 true
     0 | D:1      | 0 ||| qw: Do second Lair branch before Depths: true
     0 | D:1      | 0 ||| qw: Lair rune preference: random
     0 | D:1      | 0 ||| qw: Goals: Normal
     0 | D:1      | 0 ||| PLANNING D:1-11
    33 | D:1      | HP: 4/16 [gnoll/+0 club (4)]
    37 | D:1      | Reached skill level 3 in Ranged Weapons
    37 | D:1      | Reached XP level 2. HP: 7/23 MP: 2/2
   183 | D:1      | 183 ||| FLEEEEING.
   184 | D:1      | 184 ||| FLEEEEING.
   185 | D:1      | 185 ||| FLEEEEING.
   186 | D:1      | 186 ||| FLEEEEING.
   187 | D:1      | 187 ||| FLEEEEING.
   188 | D:1      | 188 ||| FLEEEEING.
   189 | D:1      | 189 ||| FLEEEEING.
   190 | D:1      | 190 ||| FLEEEEING.
   191 | D:1      | 191 ||| FLEEEEING.
   286 | D:1      | 286 ||| FLEEEEING.
   287 | D:1      | 287 ||| FLEEEEING.
   394 | D:1      | Reached XP level 3. HP: 29/29 MP: 3/3
  1234 | D:1      | 1234 ||| DROPPING scarf of shadows.
  1235 | D:1      | 1235 ||| UPGRADING to +0 leather armour.
  1245 | D:1      | 1245 ||| DROPPING +0 robe.
  1246 | D:1      | 1246 ||| READING scroll labelled IVITZO XITS.
  1247 | D:1      | 1247 ||| DROPPING scroll of poison.
  1284 | D:2      | Reached skill level 4 in Ranged Weapons
  1291 | D:2      | Found an opulent altar of Gozag.
  1337 | D:2      | 1337 ||| Stepping ~*~*~tactically~*~*~ (outnumbered).
  1346 | D:2      | Reached XP level 4. HP: 27/36 MP: 4/4
  1356 | D:2      | 1356 ||| PLANNING D:1-11
  1358 | D:2      | HP: 6/36 [something (4)]
  1363 | D:2      | HP: 1/36 [something (2)]
  1364 | D:2      | Slain by an orc wizard

Levels and vault maps discovered:
D:1:      psy_arrival_basics, layout_basic
D:2:      layout_basic, basic_altar, minmay_misc_feat_iff, minivault_19

Skill      XL: |  1  2  3 |
---------------+----------+-----
Ranged Weapons | 3 4 |  4.8
Fighting       | 2 |  2.0
Dodging        | |  2.1
Spellcasting   | |  1.0
Hexes          | |  2.0

Action                     |  1- 3 |  4- 6 || total
---------------------------+-------+-------++-------
   Fire: Sling             |    92 |    16 ||   108
    Use: Scroll            |     1 |       ||     1
 Armour: Robe              |     5 |       ||     5
         Leather armour    |     2 |     5 ||     7
  Dodge: Dodged            |    41 |     7 ||    48

Table legend:
 A = Non-vault XP
 B = Vault XP
 C = Vault XP percentage of total XP
 D = Non-vault monster count
 E = Vault monster count
 F = Vault count percentage of total count
                 A         B        C        D         E       F
            +---------+---------+-------+---------+---------+-------
      Total |     122 |       0 |   0.0 |      37 |       0 |   0.0
            +---------+---------+-------+---------+---------+-------
        D:1 |      59 |       0 |   0.0 |      26 |       0 |   0.0
        D:2 |      63 |       0 |   0.0 |      11 |       0 |   0.0
            +---------+---------+-------+---------+---------+-------
